 Dungeon Crawl Stone Soup version 0.28-a0-1524-ge72afd5fc6 (webtiles) character file.

Game seed: 7831049088625864044

30 psuckher the Sneak (level 3, 0/30 HPs)
             Began as a Barachi Delver on Jan 17, 2022.
             Slain by an iguana (11 damage)
             ... on level 5 of the Dungeon.
             The game lasted 00:00:32 (84 turns).

psuckher the Sneak (Barachi Delver)                   Turns: 84, Time: 00:00:33

Health: 0/30       AC:  4    Str: 15    XL:     3   Next: 18%
Magic:  3/3        EV: 12    Int: 10    God:
Gold:   0          SH:  0    Dex: 13    Spells: 2/2 levels left

rFire   . . .      SeeInvis .   a - +0 short sword
rCold   . . .      Faith    .   (no shield)
rNeg    . . .      Spirit   .   b - +0 leather armour
rPois   .          Reflect  .   i - +0 helmet
rElec   .          Harm     .   (no cloak)
rCorr   .          Rampage  .   (no gloves)
Will    .....                   (no boots)
Stlth   +++.......              (no amulet)
HPRegen 0.10/turn               (no ring)
MPRegen 0.08/turn               (no ring)

@: slow
A: amphibious, slowness 1, strong legs 1, +LOS
a: Hop


You were on level 5 of the Dungeon.
You visited 1 branch of the dungeon, and saw 1 of its levels.

Inventory:

Hand Weapons
 a - a +0 short sword (weapon)
Missiles
 k - 14 sling bullets
Armour
 b - a +0 leather armour (worn)
 i - a +0 helmet (worn)
Wands
 g - a wand of digging (3)
Scrolls
 c - a scroll of fog
 d - a scroll of magic mapping
 e - a scroll of fear
 h - a scroll of identify {unknown}
 j - a scroll of vulnerability {unknown}
Potions
 f - a potion of haste


   Skills:
 + Level 3.9 Fighting
 + Level 2.4 Short Blades
 + Level 0.3 Armour
 + Level 2.3 Dodging
 + Level 5.1 Stealth


You had 2 spell levels left.
You didn't know any spells.
Your spell library was empty.

Dungeon Overview and Level Annotations

Branches:
Dungeon (5/15)
 Temple: D:4-7

Altars:


Innate Abilities, Weirdness & Mutations

You are amphibious.
You cover ground slowly.
You can hop short distances.
You have an extended range of vision and can be seen from far away.


Message History

The centaur zombie is almost destroyed.
The centaur zombie barely misses you.
The centaur zombie completely misses you.
You hit the centaur zombie.
You destroy the centaur zombie!
Your Stealth skill increases to level 5!
You have reached level 2!
You have reached level 3!
Your experience leads to an increase in your attributes!
Increase (S)trength, (I)ntelligence, or (D)exterity?
You feel stronger. x2
h - a scroll labelled XOTEJU RAERY
There are no items here.
You see here a +0 helmet.
i - a +0 helmet You start putting on your armour.
You continue putting on your +0 helmet. x4
You finish putting on your +0 helmet.
Found a scroll labelled MOSAGE OCSE.
Found 14 sling bullets.
j - a scroll labelled MOSAGE OCSE You see here 14 sling bullets.
k - 14 sling bullets The iguana hisses angrily.
The iguana misses you.
You hit the iguana.
The iguana is lightly wounded.
The iguana misses you.
You hit the iguana.
The iguana is lightly wounded.
The iguana bites you!
You barely miss the iguana.
The iguana is lightly wounded.
The iguana barely misses you.
You hit the iguana.
The iguana is moderately wounded.
The iguana misses you.
You closely miss the iguana.
The iguana is moderately wounded.
The iguana bites you!
You die...

#..###.# # #....#.#
.# .. .#. #.##.#.# #.
#. (.. #.##.#.# .
.##.# #.##.#.#.#
..#.# #.##.#.#.#
#.#.# #........# ##
#.#.###.#..#.#.......
#.#.#.....l@.##.#####
#.....#.##...........
#.......##...##..#.##
#.....#.##.......# #
#.....#.##...##.##
#.....(.##...# ..
######..####.# ##
#....>.....#
#.##########


You could see an iguana.

Vanquished Creatures
  A centaur zombie (D:5)
1 creature vanquished.

Notes
Turn   | Place    | Note
-------+----------+-------------------------------------------
     0 | D:5      | psuckher the Barachi Delver began the quest for the Orb.
     0 | D:5      | Reached XP level 1. HP: 18/18 MP: 1/1
     5 | D:5      | Noticed an iguana
    28 | D:5      | Reached skill level 5 in Stealth
    28 | D:5      | Reached XP level 2. HP: 12/25 MP: 2/2
    28 | D:5      | Reached XP level 3. HP: 14/30 MP: 3/3
    84 | D:5      | Slain by an iguana

Illustrated notes

Levels and vault maps discovered:
D:5:      minmay_general_purpose_star, layout_basic, uniq_crazy_yiuf_cottage

Skill      XL: |  1 |
---------------+----+-----
Stealth        | 5 |  5.1
Fighting       | |  3.9
Short Blades   | |  2.4
Armour         | |  0.3
Dodging        | |  2.3

Action                   || total
-------------------------++-------
Melee: Short sword       ||    21
Armor: Leather armour    ||    14
Dodge: Dodged            ||    24

Table legend: (Time is in decaauts)
 A = Elapsed time spent in this place.
 B = Non-inter-level travel time spent in this place.
 C = Inter-level travel time spent in this place.
 D = Time resting spent in this place.
 E = Time spent auto-exploring this place.
 F = Levels seen in this place.
 G = Mean time per level.
                   A        B        C        D        E       F      G
               +--------+--------+--------+--------+--------+-----+--------+
         Total |     94 |     94 |      0 |      0 |      0 |   1 |   94.0 |
       Dungeon |     94 |     94 |      0 |      0 |      0 |   1 |   94.0 |
               +--------+--------+--------+--------+--------+-----+--------+

Top non-repeatable levels by time:
     D:5: 94 daAuts
